 Dungeon Crawl Stone Soup version 0.31-a0-1511-g961fd35ebc (webtiles) character file.

Game seed: 2513142834163092018

49 Querens the Shield-Bearer (level 4, 0/37 HPs)
             Began as a Formicid Fighter on Dec 30, 2023.
             Succumbed to Sigmund's poison
             ... on level 2 of the Dungeon.
             The game lasted 00:02:21 (908 turns).

Querens the Shield-Bearer (Formicid Fighter)         Turns: 908, Time: 00:02:22

Health: 0/37       AC:  7    Str: 22    XL:     4   Next: 1%
Magic:  4/4        EV:  9    Int:  8    God:
Gold:   67         SH:  5    Dex: 13    Spells: 3/3 levels left

rFire   . . .        a - +0 war axe
rCold   . . .        c - +0 buckler
rNeg    . . .        b - +0 scale mail
rPois   .            (helmet unavailable)
rElec   .            (no cloak)
rCorr   .            (no gloves)
SInv    +            (no boots)
Will    .....        (no amulet) Stlth
                     (no ring)
HPRegen 0.26/turn    (no ring)
MPRegen 0.09/turn

%: no passive effects
@: brilliant, lethally poisoned (0 -> -11)
A: permanent stasis, dig shafts and tunnels, antennae 3, four strong arms
a: Dig, Shaft Self


You were on level 2 of the Dungeon.
You visited 1 branch of the dungeon, and saw 2 of its levels.

You collected 67 gold pieces.

Inventory:

Hand Weapons
 a - a +0 war axe (weapon)
Armour
 b - a +0 scale mail (worn)
 c - a +0 buckler (worn)
 h - a +1 ring mail of positive energy
Scrolls
 e - a scroll of fog {unknown}
 g - 2 scrolls of identify {unknown}
 i - a scroll of amnesia {unknown}
 j - a scroll of enchant armour {unknown}
 k - a scroll of revelation {unknown}
 n - a scroll of blinking {unknown}
Potions
 d - a potion of might
 f - a potion of attraction {unknown}
 l - a potion of cancellation {unknown}
 m - a potion of brilliance


   Skills:
 + Level 3.8 Fighting
 + Level 2.5 Axes
 + Level 3.8 Armour
 + Level 4.6 Shields


You had 3 spell levels left.
You didn't know any spells.
Your spell library contained the following spells:

 Spells                   Type           Power      Damage    Failure   Level
 Magic Dart               Conj           0%         1d3       80%         1
 Searing Ray              Conj           0%         2d4       90%         2
 Fulminant Prism          Conj/Alch      0%         3d5       100%        4


Dungeon Overview and Level Annotations

Branches:
Dungeon (2/15)

Altars:

Annotations:
D:2 Sigmund


Innate Abilities, Weirdness & Mutations

You cannot be hasted, slowed, berserked, paralysed or teleported.
You can dig through walls and to a lower floor.
You have a pair of large antennae on your head. (SInv)
Your four strong arms can wield two-handed weapons with a shield.


Message History

You feel clever.
Things that are here:
a +0 short sword; 3 stones Sigmund the Dreaded comes into view.
He is wielding a +3 scythe of venom.
Sigmund shouts!
Sigmund says, "Don't worry, I'll kill you fast."
Found a leather armour and a flail.
Sigmund hits you from afar with a +3 scythe of venom.
Sigmund points at you and mumbles some strange words.
The magic dart hits you.
You hit Sigmund.
Sigmund is lightly wounded.
Sigmund gestures at you while chanting. You resist with some effort.
You slash Sigmund!
Sigmund is heavily wounded.
Sigmund closely misses you.
You barely miss Sigmund.
Sigmund is heavily wounded.
Sigmund hits you with a +3 scythe of venom.
You are poisoned.
You closely miss Sigmund.
Sigmund is heavily wounded.
You feel very sick.
Sigmund hits you with a +3 scythe of venom!
You are lethally poisoned!
You closely miss Sigmund.
Sigmund is heavily wounded.
* * * LOW HITPOINT WARNING * * *
You feel extremely sick. Sigmund barely misses you.
You hit Sigmund.
Sigmund is heavily wounded.
* * * LOW HITPOINT WARNING * * *
You feel very sick. Sigmund closely misses you.
Unknown command.
It was a potion of brilliance.
You feel clever all of a sudden.
You die...

#....##..# #.. #....#
#.# #.#. #....###.# ...#
## #.....##.### #.. #.
#####.....)#####
#..####. ####.#.....###
#....†. #.#####.(.###
#..).## #.. #.......#
###..# ##.##..@....#
###..## #.>...@....#
#......
#[..#.............†###..
#..##.............. ##.
... #..............####.
.# ..###########...>...
).# #.....#. .##
#####.## #...


You could see Sigmund.

Vanquished Creatures
  2 adders (D:2)
  4 ball pythons
  6 endoplasms
  A giant cockroach (D:2)
  A hobgoblin (D:1)
  A bat (D:1)
  A frilled lizard (D:2)
  7 kobolds
  7 rats
30 creatures vanquished.

Notes
Turn   | Place    | Note
-------+----------+-------------------------------------------
     0 | D:1      | Querens the Formicid Fighter began the quest for the Orb.
     0 | D:1      | Reached XP level 1. HP: 18/18 MP: 1/1
    46 | D:1      | Reached XP level 2. HP: 22/24 MP: 2/2
   619 | D:2      | Reached XP level 3. HP: 24/29 MP: 3/3
   666 | D:2      | Found a faded altar of an unknown god.
   895 | D:2      | Reached XP level 4. HP: 37/37 MP: 4/4
   898 | D:2      | Noticed Sigmund
   908 | D:2      | Succumbed to Sigmund's poison

Illustrated notes

Levels and vault maps discovered:
D:1:      eino_arrival_tree_alley, layout_basic
D:2:      layout_rooms, shapermc_ecumenical_altar_hornbeckon,
          chequers_mini_garden, uniq_sigmund

Action                     |  1- 3 |  4- 6 || total
---------------------------+-------+-------++-------
  Melee: War axe           |    63 |     6 ||    69
    Use: Potion            |       |     1 ||     1
 Armour: Scale mail        |    36 |     4 ||    40
  Dodge: Dodged            |    31 |     3 ||    34
  Block: Buckler           |    21 |       ||    21

Table legend: (Time is in decaauts)
 A = Elapsed time spent in this place.
 B = Non-inter-level travel time spent in this place.
 C = Inter-level travel time spent in this place.
 D = Time resting spent in this place.
 E = Time spent auto-exploring this place.
 F = Levels seen in this place.
 G = Mean time per level.
                   A        B        C        D        E       F      G
               +--------+--------+--------+--------+--------+-----+--------+
         Total |    943 |    866 |     77 |      0 |      0 |   2 |  471.5 |
       Dungeon |    943 |    866 |     77 |      0 |      0 |   2 |  471.5 |
               +--------+--------+--------+--------+--------+-----+--------+

Top non-repeatable levels by time:
     D:1: 624 daAuts
     D:2: 319 daAuts
